 Dungeon Crawl Stone Soup version 0.29-a0-555-g3b24f45cc1 (webtiles) character file.

Game seed: 9399991085572907494

12046 bande the Cleaver (level 11, 0/72 HPs)
             Began as a Gargoyle Fighter on June 8, 2022.
             Was a High Priest of Okawaru.
             Slain by a wolf (7 damage)
             ... on level 9 of the Dungeon.
             The game lasted 00:19:08 (9685 turns).

bande the Cleaver (Gargoyle Fighter)                Turns: 9685, Time: 00:19:08

Health: 0/72       AC: 20    Str: 26    XL:     11   Next: 87%
Magic:  17/17      EV:  6    Int: 11    God:    Okawaru [*****.]
Gold:   40         SH: 11    Dex: 13    Spells: 10/10 levels left

rFire   + . .      SeeInvis .   o - +1 war axe (flame)
rCold   . . .      Faith    .   n - +1 kite shield
rNeg    + . .      Spirit   .   h - +0 plate armour
rPois   ∞          Reflect  .   i - +1 helmet
rElec   +          Harm     .   z - +0 cloak
rCorr   .          Rampage  .   m - +0 pair of gloves
Will    .....      Rage     3%  r - +0 pair of boots
Stlth   ..........              (no amulet)
HPRegen 0.22/turn               l - +6 ring of strength
MPRegen 0.15/turn               c - ring of protection from fire

@: corroded
A: sickness immunity, AC +8, negative energy resistance 1, electricity
resistance, torment resistance 1, petrification resistance, berserk 2, clever 1,
robust 1
a: Renounce Religion, Heroism, Finesse, Duel


You were on level 9 of the Dungeon.
You worshipped Okawaru.
Okawaru was extremely pleased with you.
You visited 1 branch of the dungeon, and saw 9 of its levels.
You also visited: Sewer.

You collected 469 gold pieces.
You spent 429 gold pieces at shops.

Inventory:

Hand Weapons
 a - a +0 war axe
 o - a +1 war axe of flaming (weapon)
 q - a +1 flail of protection
 D - a +2 shortbow of freezing
Missiles
 s - 5 silver boomerangs (quivered)
 F - 6 throwing nets
Armour
 f - the +3 buckler of bande's Fortitude {rC+++ MP-9 Dex+3 Stlth-}
   (Okawaru gifted it to you on level 8 of the Dungeon)

   Dex:       It affects your dexterity (+3).
   rC:        It renders you almost immune to cold.
   MP:        It affects your magic capacity (-9).
   Stlth:     It makes you less stealthy.
 g - a scarf of invisibility
 h - a +0 plate armour (worn)
 i - a +1 helmet (worn)
 m - a +0 pair of gloves (worn)
 n - a +1 kite shield (worn)
 r - a +0 pair of boots (worn)
 z - a +0 cloak (worn)
Jewellery
 c - a ring of protection from fire (right hand)
 j - a ring of positive energy
 k - a +4 ring of protection
 l - a +6 ring of strength (left hand)
 A - a ring of fire
Wands
 d - a wand of digging (4)
 t - a wand of flame (42)
 x - a wand of mindburst (5)
 y - a wand of iceblast (13)
Scrolls
 e - a scroll of teleportation
 u - a scroll of fear
 v - a scroll of fog
 E - a scroll of magic mapping
 G - a scroll of brand weapon {unknown}
Potions
 b - 5 potions of curing
 p - 4 potions of haste
 w - 3 potions of flight
 B - 3 potions of might
 C - a potion of mutation
 H - 2 potions of cancellation


   Skills:
 + Level 6.8 Fighting
 + Level 9.8 Axes
 + Level 8.0 Armour
 + Level 8.6 Shields
 * Level 8.4 Invocations
 * Level 7.3 Evocations


You had 10 spell levels left.
You didn't know any spells.
Your spell library contained the following spells:

 Spells                   Type           Power      Damage    Failure   Level
 Magic Dart               Conj           0%         1d3       100%        1
 Sandblast                Erth           0%         2d4       100%        1
 Passwall                 Tmut/Erth      0%         N/A       100%        2
 Searing Ray              Conj           0%         2d4       100%        2
 Stone Arrow              Conj/Erth      0%         3d7       100%        3
 Fulminant Prism          Conj/Hex       0%         3d6       100%        4
 Leda's Liquefaction      Hex/Erth       0%         N/A       100%        4
 Passage of Golubria      Tloc           0%         N/A       100%        4
 Petrify                  Tmut/Erth      0%         N/A       100%        4
 Irradiate                Conj/Tmut      0%         3d13      100%        5
 Lee's Rapid Deconstruct  Erth           0%         3d5*      100%        5
 Silence                  Hex/Air        0%         N/A       100%        5
 Lehudib's Crystal Spear  Conj/Erth      0%         10d2      100%        8
 Sublimation of Blood     Necr           Unusable   N/A       N/A         2
 Statue Form              Tmut/Erth      Unusable   N/A       N/A         6

Dungeon Overview and Level Annotations

Branches:
Dungeon (9/15)             Temple (0/1) D:7           Sewer (visited)
   Lair: D:8-11         Orc: D:9-12

Altars:
Cheibriados
Fedhas
Hepliaklqana
Okawaru
Qazlal
Vehumet
Xom

Shops:
D:1 [   D:6 :   D:8 !


Innate Abilities, Weirdness & Mutations

You are immune to sickness and miasma.
Your stone body is resilient. (AC +8)
You are immune to poison.
You resist negative energy. (rN+)
You are resistant to electric shocks. (rElec)
You are resistant to unholy torment.
You are immune to petrification.
You often lose your temper in combat.
Your mind is acute. (Int +2)
You are robust. (+10% HP)


Message History

You block the acid dragon's attack.
The acid dragon claws you but does no damage.
You hit the acid dragon but do no damage.
The acid dragon is severely wounded.
The acid dragon spits acid at you. The splash of acid hits you!
* * * LOW HITPOINT WARNING * * *
The acid corrodes you! The acid dragon bites you.
* * * LOW HITPOINT WARNING * * *
You block the acid dragon's attack.
You hear a howl!
You barely miss the acid dragon.
The acid dragon is severely wounded.
You feel yourself speed up. You block the acid dragon's attack. x2
The acid dragon bites you but does no damage.
The acid dragon claws you but does no damage.
You hit the acid dragon but do no damage.
The acid dragon is severely wounded.
You block the acid dragon's attack.
The acid dragon claws you but does no damage.
Unknown command.
You slash the acid dragon! You burn the acid dragon.
You kill the acid dragon!
Okawaru accepts your kill.
Your Armour skill increases to level 8!
A wolf comes into view.
A hound comes into view.
A wolf comes into view.
An electric eel comes into view.
The electric eel shoots out a bolt of lightning at you!
The bolt of electricity hits you. You resist.
* * * LOW HITPOINT WARNING * * *
An electric eel comes into view.
The wolf attacks as you move away! The wolf bites you but does no damage.
The wolf barely misses you. You block the wolf's attack.
The wolf attacks as you move away! You block the wolf's attack.
You recover from your berserk rage.
The wolf bites you but does no damage. The wolf attacks as you move away!
You block the wolf's attack. The wolf bites you!
You die...

S..≈... #..# .≈.≈.
#..# ...
#..##########
#.####...†........
#......###########
###h#### #h# #h#
#@# #.#
#########.#
#.........#
#.#.#########
#>#<### #^....#
### #.###.#######
... #.# #........


You could see 2 wolves and a hound.

Vanquished Creatures
  Erica (D:8)
  Pikel (D:5)
  Maggie (D:6)
  Prince Ribbit (D:7)
  A wyvern (D:7)
  9 yaks
  Eustachio (D:5)
  Menkaure (D:5)
  2 steam dragons
  Edmund (D:4)
  An acid dragon (D:9)
  2 water moccasins
  Duvessa (D:7)
  An ice beast (D:5)
  An orc warrior (D:8)
  2 black bears (D:5)
  An ogre (D:2)
  5 centaurs
  The ghost of samgaumpmail the Changer, an amateur OpTm (D:4)
  A phantom (D:5)
  Blork the orc (D:5)
  5 kobold brigands
  3 bullfrogs
  3 necrophages
  2 gnoll sergeants (D:8)
  2 scorpions
  Dowan (D:7)
  4 killer bees (D:9)
  3 howler monkeys (D:9)
  Crazy Yiuf (D:6)
  A gnoll shaman (D:8)
  2 jellies
  2 orc priests
  6 hounds
  3 iguanas (D:5)
  7 orc wizards
  25 gnolls
  A river rat (Sewer)
  17 adders
  2 white imps
  A worm (D:2)
  A dart slug (D:2)
  31 orcs
  14 ball pythons
  7 endoplasms
  2 giant cockroaches
  7 goblins
  7 hobgoblins
  11 jackals
  23 kobolds
  3 quokkas
  4 bats
  7 frilled lizards
  13 rats
257 creatures vanquished.

Vanquished Creatures (others)
  26 plants (Sewer)
26 creatures vanquished.

Grand Total: 283 creatures vanquished

Notes
Turn   | Place    | Note
-------+----------+-------------------------------------------
     0 | D:1      | bande the Gargoyle Fighter began the quest for the Orb.
     0 | D:1      | Reached XP level 1. HP: 14/14 MP: 1/1
     1 | D:1      | Found a hazy altar of Hepliaklqana.
   119 | D:1      | Reached XP level 2. HP: 19/19 MP: 2/2
   477 | D:1      | Reached skill level 2 in Axes
   597 | D:1      | Found a faded altar of an unknown god.
   621 | D:1      | Reached XP level 3. HP: 23/23 MP: 3/3
  1014 | D:1      | Found Satzurod's Armour Boutique.
  1075 | D:2      | Noticed an ogre
  1080 | D:2      | Killed an ogre
  1081 | D:2      | Reached skill level 3 in Axes
  1081 | D:2      | Reached XP level 4. HP: 21/29 MP: 4/4
  1081 | D:2      | Reached XP level 5. HP: 24/33 MP: 5/5
  1845 | D:3      | Identified the +1 robe "Jupiathro" {rN+}
  2131 | D:4      | Found a glowing drain.
  2150 | Sewer    | Entered a sewer
  2211 | Sewer    | Reached skill level 4 in Axes
  2225 | Sewer    | Reached XP level 6. HP: 36/38 MP: 6/6
  2420 | Sewer    | Reached skill level 1 in Evocations
  3114 | D:4      | Found a stormy altar of Qazlal.
  3116 | D:4      | Identified the +5 whip of Balance {drain, rC+ Will+}
  3169 | D:4      | Noticed a black bear
  3348 | D:4      | Found an iron altar of Okawaru.
  3352 | D:4      | Became a worshipper of Warmaster Okawaru
  3363 | D:4      | Found a radiant altar of Vehumet.
  3380 | D:4      | Noticed Edmund
  3394 | D:4      | Killed Edmund
  3395 | D:4      | Reached XP level 7. HP: 41/44 MP: 7/7
  3496 | D:4      | Reached skill level 1 in Invocations
  3672 | D:4      | Found a runed translucent gate.
  3674 | D:4      | Found a runed translucent gate.
  3675 | D:4      | Found a runed translucent gate.
  3675 | D:4      | Noticed samgaumpmail's ghost (amateur OpTm)
  3971 | D:4      | Reached skill level 5 in Axes
  3975 | D:4      | Killed samgaumpmail's ghost
  3975 | D:4      | Reached * piety under Okawaru
  4035 | D:5      | Entered Level 5 of the Dungeon
  4086 | D:5      | Noticed Menkaure
  4095 | D:5      | Killed Menkaure
  4242 | D:5      | Reached skill level 5 in Shields
  4242 | D:5      | Reached XP level 8. HP: 46/48 MP: 9/9
  4244 | D:5      | Noticed Pikel
  4263 | D:5      | Killed Pikel
  4263 | D:5      | Reached ** piety under Okawaru
  4264 | D:5      | Reached skill level 5 in Fighting
  4264 | D:5      | Reached skill level 6 in Axes
  4264 | D:5      | Reached skill level 5 in Armour
  4545 | D:5      | Noticed Eustachio
  4565 | D:5      | Reached *** piety under Okawaru
  4577 | D:5      | Killed Eustachio
  4578 | D:5      | Reached XP level 9. HP: 25/54 MP: 11/11
  4979 | D:5      | Noticed Blork the orc
  4985 | D:5      | Killed Blork the orc
  5435 | D:5      | Reached skill level 7 in Axes
  5443 | D:5      | Found a snail-covered altar of Cheibriados.
  6007 | D:6      | Noticed Maggie
  6032 | D:6      | Killed Maggie
  6314 | D:6      | Found Qial's Book Shoppe.
  6367 | D:6      | Found a runed translucent door.
  6368 | D:6      | Noticed Crazy Yiuf
  6578 | D:6      | Killed Crazy Yiuf
  6760 | D:7      | Noticed Duvessa
  6761 | D:7      | Noticed Dowan
  6763 | D:7      | Reached **** piety under Okawaru
  6763 | D:7      | Noticed Prince Ribbit
  6770 | D:7      | Killed Duvessa
  6773 | D:7      | Reached skill level 5 in Invocations
  6773 | D:7      | Reached XP level 10. HP: 42/60 MP: 13/13
  6777 | D:7      | Killed Dowan
  6778 | D:7      | Reached skill level 8 in Axes
  6782 | D:7      | Killed Prince Ribbit
  7644 | D:7      | Found a staircase to the Ecumenical Temple.
  8176 | D:8      | Found a blossoming altar of Fedhas.
  8202 | D:8      | Reached skill level 9 in Axes
  8202 | D:8      | Reached XP level 11. HP: 51/65 MP: 14/17
  8280 | D:8      | Found a shimmering altar of Xom.
  8293 | D:8      | Reached ***** piety under Okawaru
  8394 | D:8      | Found Umpen's Distillery.
  8417 | D:8      | Bought a potion of heal wounds for 65 gold pieces
  8417 | D:8      | Bought a potion of mutation for 104 gold pieces
  8417 | D:8      | Bought a potion of mutation for 104 gold pieces
  8417 | D:8      | Bought a potion of might for 52 gold pieces
  8417 | D:8      | Bought a potion of might for 52 gold pieces
  8417 | D:8      | Bought a potion of might for 52 gold pieces
  9210 | D:9      | Noticed Erica
  9227 | D:8      | HP: 3/66 [something (1)]
  9244 | D:8      | Killed Erica
  9244 | D:8      | Identified the +3 buckler of bande's Fortitude {rC+++ MP-9
                  | Dex+3 Stlth-} (Okawaru gifted it to you on level 8 of the
                  | Dungeon)
  9244 | D:8      | Received a gift from Okawaru
  9463 | D:9      | Gained mutation: Your mind is acute. (Int +2) [potion of
                  | mutation]
  9463 | D:9      | Gained mutation: You tend to lose your temper in combat.
                  | [potion of mutation]
  9463 | D:9      | Gained mutation: You often lose your temper in combat.
                  | [potion of mutation]
  9463 | D:9      | Gained mutation: You are robust. (+10% HP) [potion of
                  | mutation]
  9685 | D:9      | Slain by a wolf

Illustrated notes

Levels and vault maps discovered:
D:1:      sevenhm_arrival_forest_fort_small_6, layout_rooms, serial_shops,
          nicolae_lakefront_shop, hellmonk_ecumenical_altar_zigzags,
          minivault_19
D:2:      layout_basic
D:3:      layout_rooms, chequers_garden
D:4:      layout_basic, grunt_qazlal_sundering, mainiacjoe_overflow_swirl,
          portal_sewer_entry_a, gammafunk_ghost_split, chequers_mini_garden,
          hex_tiny, minmay_distorted, uniq_edmund
D:5:      layout_layer_cave, lemuel_doored_altar, grunt_ministairs_2,
          minivault_24, roderic_serpentine_path, uniq_menkaure,
          uniq_blork_the_orc, uniq_pikel, uniq_eustachio
D:6:      layout_rooms, nicolae_take_the_stairs, uniq_maggie,
          uniq_crazy_yiuf_cottage
D:7:      layout_basic, minmay_temple_entry_butterflies, minmay_between,
          uniq_duvessa, uniq_prince_ribbit1
D:8:      layout_cave_pools, xom_butterflies, fedhas_ov_isle_minmay,
          serial_gnoll_camp, gnoll_camp_mini_loothouse,
          gnoll_camp_mini_doghouse, gnoll_camp_medium_02,
          gnoll_camp_mini_doghouse, gnoll_camp_mini_hut, serial_shops,
          nicolae_shop_statue_plus
D:9:      layout_loops_ring, erik_lair_island, uniq_erica

Skill      XL: |  1  2  3  4  5  6  7  8  9 10 11 |
---------------+----------------------------------+-----
Axes           | 2 3 4 5 6 7 9 |  9.8
Fighting       | 4 5 6 |  6.8
Shields        | 4 5 6 8 |  8.6
Armour         | 4 5 6 7 8 |  8.0
Evocations     | 1 2 3 4 6 7 |  7.3
Invocations    | 2 3 5 8 |  8.4

Action                   |  1- 3 |  4- 6 |  7- 9 | 10-12 || total
-------------------------+-------+-------+-------+-------++-------
Melee: War axe           |    78 |   216 |   253 |   223 ||   770
  Use: Potion            |     1 |       |     2 |     5 ||     8
       Scroll            |       |    14 |     2 |     4 ||    20
Armor: Scale mail        |    31 |       |       |       ||    31
       Plate armour      |    25 |   150 |   256 |   216 ||   647
Dodge: Dodged            |    30 |    58 |    79 |    67 ||   234
Block: Buckler           |    13 |    10 |       |       ||    23
       Kite shield       |       |    78 |   188 |   184 ||   450

Table legend: (Time is in decaauts)
 A = Elapsed time spent in this place.
 B = Non-inter-level travel time spent in this place.
 C = Inter-level travel time spent in this place.
 D = Time resting spent in this place.
 E = Time spent auto-exploring this place.
 F = Levels seen in this place.
 G = Mean time per level.
                   A        B        C        D        E       F      G
               +--------+--------+--------+--------+--------+-----+--------+
         Total |  10134 |   9828 |    306 |   2066 |   5432 |  10 | 1013.4 |
       Dungeon |   9046 |   8740 |    306 |   2066 |   4759 |   9 | 1005.1 |
         Sewer |   1087 |   1087 |      0 |      0 |    673 |   1 | 1087.0 |
               +--------+--------+--------+--------+--------+-----+--------+

Top non-repeatable levels by time:
     D:8: 1654 daAuts
     D:5: 1597 daAuts
     D:6: 1124 daAuts
     D:7: 1122 daAuts
     D:1: 1107 daAuts
     D:4: 1088 daAuts
   Sewer: 1087 daAuts
     D:2: 605 daAuts
     D:3: 433 daAuts
     D:9: 312 daAuts
